 Dungeon Crawl Stone Soup version 0.29.1-15-g9cfb28693d (webtiles) character file.

Game seed: 11371762946817370968

63 Heoruswealwe the Magician (level 3, -2/19 HPs)
             Began as a Deep Elf Earth Elementalist on Mar 25, 2023.
             Slain by a phantom (5 damage)
             ... on level 3 of the Dungeon.
             The game lasted 00:15:50 (1648 turns).

Heoruswealwe the Magician (DEEE)                    Turns: 1648, Time: 00:15:51

Health: -2/19      AC:  5    Str:  5    XL:     3   Next: 87%
Magic:  4/10       EV: 12    Int: 21    God:
Gold:   110        SH:  0    Dex: 15    Spells: 4/10 levels left

rFire   . . .      SeeInvis .   l - +0 long sword
rCold   . . .      Faith    .   (no shield)
rNeg    . . .      Spirit   .   g - +0 robe
rPois   .          Reflect  .   (no helmet)
rElec   .          Harm     .   j - +2 cloak {Stlth+}
rCorr   .          Rampage  .   (no gloves)
Will    .....                   (no boots)
Stlth   +++.......              (no amulet)
HPRegen 0.06/turn               (no ring)
MPRegen 0.12/turn               (no ring)

@: no status effects
A: no striking features
a: no special abilities


You were on level 3 of the Dungeon.
You visited 1 branch of the dungeon, and saw 3 of its levels.

You collected 110 gold pieces.

Inventory:

Hand Weapons
 l - a +0 long sword (weapon)
Armour
 g - a +0 robe (worn)
 j - a +2 cloak of stealth (worn)
Magical Staves
 m - a staff of cold
Scrolls
 a - a scroll of blinking {unknown}
 c - 3 scrolls of identify {unknown}
 d - a scroll of fear {unknown}
 e - 3 scrolls of teleportation {unknown}
 f - a scroll of immolation {unknown}
 h - a scroll of vulnerability {unknown}
 i - a scroll of magic mapping {unknown}
 k - a scroll of summoning {unknown}
 n - a scroll of poison {unknown}
 o - a scroll of enchant armour {unknown}
Potions
 b - a potion of magic


   Skills:
 - Level 2.4 Dodging
 - Level 2.4 Stealth
 * Level 4.3 Spellcasting
 + Level 2.0 Transmutations
 * Level 4.2 Earth Magic


You had 4 spell levels left.
You knew the following spells:

 Your Spells              Type           Power      Damage    Failure   Level
a - Sandblast             Erth           44%        2d11      1%          1
b - Stone Arrow           Conj/Erth      26%        3d8       14%         3
z - Passwall              Tmut/Erth      14%        N/A       4%          2

Your spell library contained the following spells:

 Spells                   Type           Power      Damage    Failure   Level
 Blink                    Tloc           8%         N/A       17%         2
 Petrify                  Tmut/Erth      17%        N/A       32%         4
 Lesser Beckoning         Tloc           4%         N/A       34%         3
 Portal Projectile        Hex/Tloc       8%         N/A       34%         3
 Tukima's Dance           Hex            4%         N/A       34%         3
 Blade Hands              Tmut           6%         N/A       80%         5
 Manifold Assault         Tloc           4%         N/A       97%         5


Dungeon Overview and Level Annotations

Branches:
Dungeon (3/15)

Altars:
Uskayaw


Message History

The phantom is lightly damaged.
The ball python barely misses you.
The ball python constricts the plant.
The phantom closely misses you.
The ball python bites you but does no damage.
The ball python constricts the plant.
The blast of sand hits the phantom!
The phantom is severely damaged.
A nearby plant withers and dies.
The ball python loses its grip on the plant.
The ball python barely misses you. The ball python grabs you.
The ball python constricts you. The frilled lizard barely misses you.
The phantom hits you.
The ball python bites you but does no damage.
The ball python constricts you. The frilled lizard closely misses you.
The phantom hits you.
The phantom blinks!
You blink.
The ball python loses its grip on you.
An endoplasm comes into view.
Found a stone staircase leading down.
You are too injured to fight recklessly!
Casting: Sandblast (safe; 1% risk of failure)
Confirm with . or Enter, or press ? or * to list all spells.
Aiming: Sandblast (safe; 1% risk of failure)
Press: ? - help, Shift-Dir - straight line, f - ball python, p - phantom
Aim: a ball python (81% to hit)
The blast of sand hits the frilled lizard.
You kill the frilled lizard!
The phantom barely misses you. The ball python closely misses you. x2
Casting: Sandblast (safe; 1% risk of failure)
Confirm with . or Enter, or press ? or * to list all spells.
Aiming: Sandblast (safe; 1% risk of failure)
Press: ? - help, Shift-Dir - straight line, f/p - ball python
Aim: a ball python (81% to hit)
The blast of sand hits the ball python!
You kill the ball python!
The phantom hits you.
* * * LOW HITPOINT WARNING * * *
The phantom blinks!
You blink.
Found a glowing hand axe and a dark potion.
Found a hide-covered altar of Uskayaw.
The phantom hits you.
You die...

..##♣.♣.......♣.P.
#....♣♣♣♣♣♣..♣..♣♣.♣
##.#..♣ ♣......P♣P
#.#♣P♣ ♣..†§P..♣P
#.# P..♣.....§..P♣
#.. ♣.♣.P8..#.P..P#
##. .♣.♣.......♣.#
.. ..P..#...#P♣P# #♣
♣♣.....J.W@P#
♣♣P♣.._..PP#
.........♣#
.♣#..)#.♣ .....§P.
....#..P♣ ♣.... §♣§
..♣ ..P ♣


You could see a phantom and an endoplasm.

Vanquished Creatures
  A gnoll (D:1)
  2 adders (D:2)
  5 ball pythons
  2 bats (D:1)
  2 endoplasms (D:1)
  5 goblins
  8 hobgoblins
  3 kobolds
  4 frilled lizards
  A rat (D:1)
33 creatures vanquished.

Vanquished Creatures (others)
  4 plants (D:3)
4 creatures vanquished.

Grand Total: 37 creatures vanquished

Notes
Turn   | Place    | Note
-------+----------+-------------------------------------------
     0 | D:1      | Heoruswealwe the Deep Elf Earth Elementalist began the
                  | quest for the Orb.
     0 | D:1      | Reached XP level 1. HP: 10/10 MP: 6/6
   117 | D:1      | Reached XP level 2. HP: 12/15 MP: 6/8
   120 | D:1      | Learned a level 2 spell: Passwall
   651 | D:1      | Reached XP level 3. HP: 14/19 MP: 7/10
   655 | D:1      | Learned a level 3 spell: Stone Arrow
  1639 | D:3      | Noticed a phantom
  1648 | D:3      | Found a hide-covered altar of Uskayaw.
  1648 | D:3      | Slain by a phantom

Illustrated notes

Levels and vault maps discovered:
D:1:      minmay_arrival_jagged, layout_basic, serial_rivers,
          chequers_serial_rivers_room_a, chequers_serial_rivers_small_b,
          chequers_serial_rivers_marsh, chequers_serial_rivers_marsh,
          chequers_serial_rivers_small_b, chequers_serial_rivers_small_b
D:2:      layout_loops_ring
D:3:      wad_woods_stonehenge, layout_basic, uniq_jessica, uniq_natasha

Skill      XL: |  1  2  3 |
---------------+----------+-----
Spellcasting   | 4 |  4.3
Earth Magic    | 4 |  4.2
Transmutations | 2 |  2.0
Dodging        | |  2.4
Stealth        | |  2.4

Action                   || total
-------------------------++-------
Melee: Unarmed           ||     1
       Long sword        ||     7
 Cast: Sandblast         ||    51
       Passwall          ||     2
Armor: Robe              ||     4
Dodge: Dodged            ||    12
